 Dungeon Crawl Stone Soup version 0.18.1-50-g88ac8fd (webtiles) character file.

56 HeyBub the Grasshopper (level 3, -8/18 HPs)
             Began as a Spriggan Warper on Sept 26, 2016.
             Was an Initiate of Sif Muna.
             Killed by divine providence
             ... invoked by an orc priest
              (13 damage)
             ... on level 4 of the Dungeon.
             The game lasted 00:05:24 (1539 turns).

HeyBub the Grasshopper (Spriggan Warper)            Turns: 1539, Time: 00:05:25

Health: -8/18      AC:  7    Str:  7    XL:     3   Next: 71%
Magic:  8/8        EV: 21    Int: 14    God:    Sif Muna [......]
Gold:   110        SH:  0    Dex: 19    Spells: 3 memorised, 2 levels left

rFire  . . .     SeeInvis +     a - +0 short sword
rCold  . . .     Gourm    .     b - +1 robe
rNeg   . . .     Faith    .     (shield restricted)
rPois  .         Spirit   .     (helmet restricted)
rElec  .         Dismiss  .     (no cloak)
rCorr  .         Reflect  .     (gloves unavailable)
SustAt .         Harm     .     (boots unavailable)
MR     .....                    (no amulet)
Stlth  ++........               m - +4 ring of protection
                                l - +3 ring of dexterity

@: very quick, not resistant to hostile enchantments, unstealthy
A: unfitting armour, see invisible, herbivore 3, speed 3, slow metabolism 2
a: Renounce Religion


You were on level 4 of the Dungeon.
You worshipped Sif Muna.
Sif Muna was noncommittal.
You were not hungry.

You visited 1 branch of the dungeon, and saw 4 of its levels.

You collected 110 gold pieces.

Inventory:

Hand Weapons
 a - a +0 short sword (weapon)
Missiles
 e - 2 tomahawks of dispersal (quivered)
Armour
 b - a +1 robe (worn)
Jewellery
 l - a +3 ring of dexterity (left hand)
 m - a +4 ring of protection (right hand)
 q - an uncursed ring of positive energy
Scrolls
 d - a scroll of blinking
 j - a scroll of recharging
 r - a scroll of immolation {unknown}
 s - 2 scrolls of remove curse
 t - a scroll of teleportation {unknown}
Potions
 g - a potion of ambrosia {unknown}
 h - 2 potions of agility
 i - 2 potions of curing
 k - a potion of might {unknown}
 o - a potion of cancellation {unknown}
 p - a potion of invisibility {unknown}
Books
 c - a book of Spatial Translocations

   Spells                             Type                      Level
   a - Apportation                    Translocation                1
   b - Blink                          Translocation                2
   c - Shroud of Golubria             Charms/Translocation         2
   d - Portal Projectile              Translocation                3
   e - Teleport Other                 Translocation                3
   f - Passage of Golubria            Translocation                4
Comestibles
 f - a bread ration


   Skills:
 + Level 1.9 Fighting
 + Level 2.5 Short Blades
 + Level 1.0 Throwing
 + Level 4.8 Dodging
 + Level 2.9 Spellcasting
 + Level 5.1 Translocations


You had 2 spell levels left.
You knew the following spells:

 Your Spells              Type           Power        Failure   Level  Hunger
a - Apportation           Tloc           ###.......   2%          1    #......
b - Blink                 Tloc           N/A          4%          2    ##.....
c - Shroud of Golubria    Chrm/Tloc      #.........   14%         2    ##.....


Dungeon Overview and Level Annotations

Branches:
Dungeon (4/15)
 Temple: D:4-7

Altars:
Okawaru
Sif Muna
Xom
Yredelemnul
Zin

Annotations:
D:3 knot's ghost, amateur DsAs
D:4 Grinder; Purgy


Innate Abilities, Weirdness & Mutations

You are tiny and cannot use many weapons and most armour.
You have supernaturally acute eyesight.
You are a herbivore.
You cover ground extremely quickly.
You need consume almost no food.


Message History

You hit the scorpion.
The scorpion is heavily wounded.
The scorpion barely misses you.
You hit the scorpion but do no damage.
The scorpion is heavily wounded.
The scorpion stings you!
You hit the scorpion.
The scorpion is severely wounded.
The scorpion barely misses you.
You hit the scorpion.
The scorpion is almost dead.
The scorpion stings you.
* * * LOW HITPOINT WARNING * * *
You hit the scorpion but do no damage.
The scorpion is almost dead.
The scorpion misses you.
The orc priest mumbles some strange prayers to Beogh against you.
Beogh smites you!
Ouch! That really hurt!
You die...

.<.T....# ...######
##.# ##.##########
.....#......##
.....T.......##
....#.#.......## ####
.(..o........oT##...#
....#.#......oos@..>#
.......[.....o###...#
.....!........# ...#
................ ...#
.o...........####...#
.#.........?## ?..#
..?...##### ...# ....
...#


You could see Purgy, a scorpion, an orc priest and 3 orcs.

Vanquished Creatures
  An adder (D:2)
  An ooze (D:2)
  2 dart slugs (D:1)
  A worm (D:2)
  2 giant geckos
  6 bats (D:1)
  5 giant cockroaches
  2 goblins (D:2)
  4 hobgoblins
  A quokka (D:2)
  A giant newt (D:2)
  3 kobolds
  4 rats
33 creatures vanquished.

Notes
Turn   | Place    | Note
--------------------------------------------------------------
     0 | D:1      | HeyBub the Spriggan Warper began the quest for the Orb.
     0 | D:1      | Reached XP level 1. HP: 10/10 MP: 5/5
     8 | D:1      | Noticed a merfolk zombie
    12 | D:1      | Noticed a minotaur zombie
    15 | D:1      | Noticed a minotaur zombie
    16 | D:1      | Noticed a minotaur zombie
   176 | D:1      | Reached XP level 2. HP: 13/14 MP: 6/6
   813 | D:2      | Reached XP level 3. HP: 18/18 MP: 8/8
   829 | D:2      | Learned a level 2 spell: Blink
   832 | D:2      | Learned a level 2 spell: Shroud of Golubria
   879 | D:2      | Reached skill level 5 in Translocations
   997 | D:2      | Found a glowing silver altar of Zin.
  1022 | D:2      | Found a deep blue altar of Sif Muna.
  1022 | D:2      | Found a shimmering altar of Xom.
  1030 | D:2      | Found a basalt altar of Yredelemnul.
  1035 | D:2      | Found an iron altar of Okawaru.
  1057 | D:2      | Became a worshipper of Sif Muna the Loreminder
  1488 | D:3      | Noticed knot's ghost (amateur DsAs)
  1498 | D:4      | Noticed Purgy
  1498 | D:4      | Noticed Grinder
  1510 | D:4      | Noticed a scorpion
  1539 | D:4      | Killed from afar by an orc priest

Skill      XL: |  1  2  3 |
---------------+----------+-----
Dodging        | 4 |  4.8
Translocations | 5 |  5.1
Fighting       | |  1.9
Short Blades   | |  2.5
Throwing       | |  1.0
Spellcasting   | |  2.9

Action                   || total
-------------------------++-------
Melee: Short sword       ||   170
Throw: Tomahawk          ||     3
  Use: Scroll            ||     7
 Stab: Sleeping          ||     2
Armor: Robe              ||    24
Dodge: Dodged            ||   163
